 Dungeon Crawl Stone Soup version 0.22-a0-284-g99d1f7439c (webtiles) character file.

1578 Infinimo the Carver (level 8, 0/56 HPs)
             Began as a Demonspawn Gladiator on Mar 21, 2018.
             Was an Initiate of Okawaru.
             Succumbed to a water moccasin's poison
             ... on level 6 of the Dungeon.
             The game lasted 00:09:13 (6724 turns).

Infinimo the Carver (Demonspawn Gladiator)          Turns: 6724, Time: 00:09:14

Health: 0/56       AC: 12    Str: 19    XL:     8   Next: 60%
Magic:  2/8        EV:  8    Int: 12    God:    Okawaru [......]
Gold:   287        SH:  0    Dex: 15    Spells: 7/7 levels left

rFire    . . .     SeeInvis .   k - +2 dagger (venom)
rCold    . . .     Gourm    .   (no shield)
rNeg     . . .     Faith    .   s - +0 chain mail
rPois    .         Spirit   +   c - +0 helmet
rElec    .         Reflect  .   (no cloak)
rCorr    .         Harm     .   p - +0 pair of gloves
MR       .....                  g - +0 pair of boots
Stlth    ..........             (no amulet)
HPRegen  0.18/turn              m - +1 ring of protection
MPRegen  0.11/turn              (no ring)

@: mighty, lethally poisoned (0 -> -37)
A: hooves 2, magic shield
a: Renounce Religion


You were on level 6 of the Dungeon.
You worshipped Okawaru.
Okawaru was noncommittal.
You were not hungry.

You visited 1 branch of the dungeon, and saw 6 of its levels.

You collected 287 gold pieces.

Inventory:

Hand Weapons
 a - a +1 long sword
 k - a +2 dagger of venom (weapon)
Missiles
 d - 3 throwing nets (quivered)
Armour
 b - a +0 leather armour
 c - a +0 helmet (worn)
 g - a +0 pair of boots (worn)
 p - a +0 pair of gloves (worn)
 s - a +0 chain mail (worn)
Jewellery
 m - a +1 ring of protection (left hand)
Scrolls
 e - 7 scrolls of remove curse
 j - 2 scrolls of teleportation
 n - a scroll of magic mapping {unknown}
 o - 2 scrolls of fog {unknown}
 q - a scroll of fear {unknown}
 r - 5 scrolls of identify
 t - a scroll of noise {unknown}
 v - a scroll of holy word {unknown}
Comestibles
 f - 10 rations
 i - 2 chunks of flesh


   Skills:
 - Level 2.0 Fighting
 + Level 10.3 Long Blades
 - Level 1.7 Throwing
 - Level 2.6 Dodging


You had 7 spell levels left.
You didn't know any spells.

Dungeon Overview and Level Annotations

Branches:
Dungeon (6/15)
 Temple: D:4-7

Altars:
Dithmenos
Fedhas
Nemelex Xobeh
Okawaru
Qazlal
Xom

Shops:
D:6 [


Innate Abilities, Weirdness & Mutations

You have hoof-like feet.
When hurt, damage is shared between your health and your magic reserves.


Message History

The water moccasin bites you.
The water moccasin is heavily wounded.
You feel sick. The water moccasin bites you!
* * * LOW HITPOINT WARNING * * *
You are more poisoned.
The water moccasin poisons you!
The water moccasin is severely wounded.
* * * LOW HITPOINT WARNING * * *
You feel sick.
The water moccasin is severely wounded.
* * * LOW HITPOINT WARNING * * *
You feel sick. The water moccasin bites you.
* * * LOW HITPOINT WARNING * * *
You feel very mighty all of a sudden.
* * * LOW HITPOINT WARNING * * *
You feel very sick.
You puncture the water moccasin!
You kill the water moccasin!
Okawaru accepts your kill.
You die...

......# #.#
##.###.....##...##.
####### ### #.#
#.....#.....#. #####
#######.###........_....
.....
................#.....#.
#####
#######.#####...##...##.
#####...#.# ##..........
........#.# #........##
(.......#.# ########.#
........#@# #.##
......c.(.# #..#
....##.### ##.#
........# #.# .......%#
#.. .......## ##.
.....## #รท ..... ####'
.... #....


You could see a centaur.

Vanquished Creatures
  A water moccasin (D:6)
  An orc warrior (D:6)
  3 phantoms
  A centaur (D:5)
  A big kobold (D:4)
  Blork the orc (D:4)
  A bullfrog (D:6)
  A scorpion (D:5)
  A howler monkey (D:6)
  A jelly (D:6)
  2 crimson imps
  A centaur zombie (D:5)
  4 orc priests (D:5)
  A bullfrog zombie (D:5)
  A centaur skeleton (D:4)
  An orc wizard (D:6)
  5 worker ants
  Terence (D:2)
  A hound zombie (D:3)
  8 gnolls
  6 adders
  2 oozes
  An adder zombie (D:5)
  2 adder skeletons
  3 worms
  A dart slug (D:1)
  2 leopard geckos (D:3)
  19 orcs
  2 giant cockroaches
  6 goblins
  2 hobgoblins
  10 jackals
  A quokka (D:2)
  A ball python (D:4)
  A ball python skeleton (D:4)
  4 bats
  2 frilled lizards
  A jackal zombie (D:5)
  10 kobolds
  A leopard gecko skeleton (D:5)
  A leopard gecko zombie (D:5)
  5 rats
120 creatures vanquished.

Vanquished Creatures (others)
  An orc (D:5)
1 creature vanquished.

Grand Total: 121 creatures vanquished

Notes
Turn   | Place    | Note
-------+----------+-------------------------------------------
     0 | D:1      | Infinimo the Demonspawn Gladiator began the quest for the Orb.
     0 | D:1      | Reached XP level 1. HP: 16/16 MP: 1/1
    40 | D:1      | Reached skill level 3 in Long Blades
   324 | D:1      | Gained mutation: You have large cloven feet. [demonic ancestry]
   324 | D:1      | Reached XP level 2. HP: 21/22 MP: 2/2
  1075 | D:2      | Gained mutation: When hurt, damage is shared between your health and your magic reserves. [demonic ancestry]
  1075 | D:2      | Reached XP level 3. HP: 16/27 MP: 3/3
  1306 | D:2      | Reached skill level 4 in Long Blades
  1477 | D:2      | Found a stormy altar of Qazlal.
  1495 | D:2      | Noticed Terence
  1510 | D:2      | Killed Terence
  1510 | D:2      | Reached XP level 4. HP: 33/33 MP: 4/4
  1954 | D:3      | Found an ancient bone altar of Kikubaaqudgha.
  1954 | D:3      | Found a shattered altar of Ashenzari.
  1954 | D:3      | Found a sparkling altar of Nemelex Xobeh.
  1954 | D:3      | Found a shadowy altar of Dithmenos.
  1954 | D:3      | Found a blossoming altar of Fedhas.
  1954 | D:3      | Found a shimmering altar of Xom.
  2402 | D:3      | Reached skill level 5 in Long Blades
  2618 | D:3      | Found a blossoming altar of Fedhas.
  3109 | D:4      | Reached XP level 5. HP: 29/38 MP: 2/5
  3240 | D:4      | Reached skill level 6 in Long Blades
  3247 | D:4      | Noticed Blork the orc
  3255 | D:4      | Gained mutation: You have hoof-like feet. [demonic ancestry]
  3255 | D:4      | Reached XP level 6. HP: 30/44 MP: 4/6
  3282 | D:4      | Killed Blork the orc
  4091 | D:5      | Entered Level 5 of the Dungeon
  4146 | D:5      | Reached skill level 7 in Long Blades
  4248 | D:5      | Reached XP level 7. HP: 27/50 MP: 5/7
  4659 | D:5      | Reached skill level 8 in Long Blades
  5329 | D:5      | Reached skill level 9 in Long Blades
  5329 | D:5      | Reached XP level 8. HP: 51/56 MP: 8/8
  5937 | D:6      | Found an iron altar of Okawaru.
  5943 | D:6      | Became a worshipper of Warmaster Okawaru
  5990 | D:6      | Found a shadowy altar of Dithmenos.
  6029 | D:6      | Found Pijuusm's Armour Emporium.
  6216 | D:6      | Reached skill level 10 in Long Blades
  6723 | D:6      | HP: 2/56 [poisoned by a water moccasin]
  6724 | D:6      | Succumbed to a water moccasin's poison

Vault maps used:
D:1:      sevenhm_arrival_forest_fort_small_3
D:2:      grunt_qazlal_sundering, uniq_terence
D:3:      lemuel_coloured_pillars_altar, doesnt_xom_only_xom
D:4:      first_ration, kennysheep_generic_room_13, uniq_blork_the_orc
D:5:      minmay_stone_trees_small, dk_noncrumbling_2
D:6:      okawaru_gym_becter, kennysheep_mini, serial_shops, nicolae_shop_trees,
          grunt_dithmenos_shadows

Skill      XL: |  1  2  3  4  5  6  7  8 |
---------------+-------------------------+-----
Long Blades    | 3 4 5 6 7 9 10 | 10.3
Fighting       | |  2.0
Throwing       | |  1.7
Dodging        | |  2.6

Action                   |  1- 3 |  4- 6 |  7- 9 || total
-------------------------+-------+-------+-------++-------
Melee: Long sword        |    36 |    32 |       ||    68
       Dagger            |    37 |   218 |   347 ||   602
       Kick              |    15 |    10 |       ||    25
       Unarmed           |    10 |       |       ||    10
  Use: Scroll            |       |     8 |       ||     8
       Potion            |       |     2 |     4 ||     6
 Stab: Confused          |     2 |       |       ||     2
       Sleeping          |       |     1 |       ||     1
  Eat: Chunk             |     2 |     5 |     5 ||    12
       Ration            |       |     1 |     1 ||     2
Armor: Leather armour    |    25 |     2 |       ||    27
       Chain mail        |       |   120 |   141 ||   261
       Skin              |       |     4 |       ||     4
Dodge: Dodged            |    43 |    69 |    81 ||   193
       Rpst.: Long sword |     4 |     3 |       ||     7

Table legend:
 A = Spawn XP
 B = Non-spawn XP
 C = Spawn XP percentage of total XP
 D = Spawn monster count
 E = Non-spawn monster count
 F = Spawn count percentage of total count
 G = Total turns spent on level
                    A         B        C        D         E        F      G
               +---------+---------+-------+---------+---------+-------+---------
         Total |       0 |    2255 |   0.0 |       0 |     120 |   0.0 |  6724
               +---------+---------+-------+---------+---------+-------+---------
           D:1 |       0 |      18 |   0.0 |       0 |      13 |   0.0 |   926
           D:2 |       0 |      82 |   0.0 |       0 |      15 |   0.0 |   730
           D:3 |       0 |      86 |   0.0 |       0 |      18 |   0.0 |  1392
           D:4 |       0 |     425 |   0.0 |       0 |      28 |   0.0 |  1043
           D:5 |       0 |     869 |   0.0 |       0 |      28 |   0.0 |  1546
           D:6 |       0 |     775 |   0.0 |       0 |      18 |   0.0 |  1087
               +---------+---------+-------+---------+---------+-------+---------
